[Event "84th Armenian-HL-ch 2024"]
[Site "Yerevan"]
[Date "2024.01.16"]
[Round "5.4"]
[White "Andriasian, Zaven"]
[Black "Harutyunyan, Tigran K."]
[Result "1-0"]
[ECO "C54"]
[WhiteElo "2581"]
[BlackElo "2523"]
[Annotator "TA"]
[PlyCount "57"]
[EventDate "2024.01.11"]
[EventType "tourn"]
[EventCountry "ARM"]
[SourceTitle "playchess.com"]
[Source "ChessBase"]
[SourceQuality "1"]
[TimeControl "40/5400+30:1800+30"]

1. e4 e5 2. Nf3 Nc6 3. Bc4 Bc5 4. d3 Nf6 5. Nbd2 O-O 6. O-O d6 7. c3 a5 {[%emt 0:00:21] Nowadays more popular than 7...a6. C54: Giuoco Piano: 4 c3 Nf6, main lines with 5 d4 and 5 d3.} 8. Bb3 Ba7 9. h3 Be6 {[%emt 0:01:47] The position is equal.} 10. Bc2 Ne7 11. Re1 Ng6 12. Nf1 Nh5 13. d4 Nhf4 14. Ng3 {[%emt 0:10:56] [#]} exd4 $146 ({Predecessor:} 14... Qc8 15. Nf5 Re8 16. g3 Nxh3+ 17. Kg2 d5 18. N3h4 dxe4 19. Bxe4 exd4 20. cxd4 Nxh4+ 21. Nxh4 {0-1 Kleiman,J (2399)-Svane,F (2603) Titled Tuesday intern op 06th Jun Early blitz 2023 (9)}) 15. cxd4 d5 16. e5 f6 {[%emt 0:03:14] [#]} 17. Bxf4 $1 Nxf4 18. Qd2 fxe5 19. Rxe5 {[%emt 0:00:51] And now Ng5 would win.} g6 (19... Qf6 $1 $14) 20. Rae1 $18 (20. Qxa5 $2 {is the wrong capture.} Bxd4 21. Qd2 Bxb2 $19) 20... Qf6 (20... Qd6 $142) 21. Bf5 Bxf5 (21... Nxg2 22. Bxe6+ Kh8) 22. Nxf5 {[%emt 0:03:33] White is clearly winning.} Nxh3+ (22... Nxg2 23. Kxg2 gxf5 24. Re6 Qg7+ 25. Kh2) (22... gxf5 $142 23. Qxf4 Qd6) 23. gxh3 {[%emt 0:00:48] [#] White wants to mate with Nh6+.} gxf5 24. Re6 ({Less strong is} 24. Qxa5 c6 25. Re6 Qf7 $16) (24. Rxd5 Bb6 $14) 24... Qg7+ 25. Kh2 Rf6 26. Re7 Rf7 27. Rxf7 Qxf7 28. Rg1+ Kh8 29. Ne5 {[%emt 0:00:05] Weighted Error Value: White=0.05 (flawless) /Black=0.45} 1-0

[Event "84th Armenian-HL-ch 2024"]
[Site "Yerevan"]
[Date "2024.01.16"]
[Round "5.5"]
[White "Tiraturyan, David"]
[Black "Chaqryan, Erik"]
[Result "0-1"]
[ECO "A46"]
[WhiteElo "2258"]
[BlackElo "2308"]
[Annotator "TA"]
[PlyCount "166"]
[EventDate "2024.01.11"]
[EventType "tourn"]
[EventCountry "ARM"]
[SourceTitle "playchess.com"]
[Source "ChessBase"]
[SourceQuality "1"]
[TimeControl "40/5400+30:1800+30"]

1. d4 Nf6 2. Bg5 e6 3. Nf3 h6 4. Bxf6 Qxf6 5. Nbd2 d6 6. e4 g6 {[%emt 0:08:02] A46: 1 d4 Nf6 2 Nf3 e6: Torre, London and Colle Systems.} 7. Bb5+ Nd7 8. O-O Bg7 {[%emt 0:04:49] The position is equal.} 9. c3 {[%emt 0:01:33] [#]} e5 $146 ({Predecessor:} 9... O-O 10. Re1 a6 11. Bd3 Qe7 12. a4 b6 13. Qe2 Bb7 14. Nc4 Rfe8 15. Nfd2 e5 {½-½ Meneses,L (1948)-Farias,E (1873) Teresina-ch 2018 (2.3)}) 10. a4 O-O 11. Re1 a6 12. Bd3 Re8 13. Nc4 Nf8 14. Ne3 c6 (14... exd4 $11 15. cxd4 (15. Nd5 Qd8 $11) 15... Qd8) 15. d5 $14 Nh7 16. dxc6 bxc6 17. Bc4 Qe7 18. b4 Nf6 19. Qc2 Bb7 20. Red1 Rad8 21. b5 (21. Bd3 $11) 21... cxb5 22. Nd5 Bxd5 23. Bxd5 Rc8 24. axb5 axb5 25. Qb3 Rc5 26. Ra5 Rec8 {[%emt 0:00:00] [#] Strongly threatening ...Nxd5.} 27. Rxb5 Rxc3 28. Qb1 Bf8 29. h3 Nh5 {[%emt 0:01:08][%cal Oc3f3] ...Rxf3! is the strong threat.} 30. Rb7 R8c7 31. Rxc7 Qxc7 32. Nh2 Nf4 33. Qb7 Qxb7 34. Bxb7 h5 {[%emt 0:01:32] Dodges Ng4} 35. Nf1 Rb3 {[%emt 0:00:32] Wards off Ne3. Black is more active.} 36. Bc6 Rb6 37. Bd5 Nxd5 38. Rxd5 $17 {[%emt 0:00:05][%mdl 4096] Endgame KRB-KRN} Rb1 39. g4 hxg4 40. hxg4 Re1 41. f3 Be7 42. Rd2 Kf8 43. Kg2 Ke8 44. Ng3 Rc1 45. Ne2 Rc4 46. Rd3 Rc2 47. Kf1 Kd7 48. Nc3 Ke6 49. Ke1 Bh4+ 50. Kd1 Rb2 51. Rd2 Rb3 52. Rc2 Bd8 53. Ke2 Bb6 54. Nd5 Bc5 55. Rd2 (55. Ra2 $11) 55... Rb1 56. Rd1 Rb8 57. Rd2 Rh8 58. Kf1 Rh1+ 59. Ke2 f6 ({Better is} 59... f5 $17 60. gxf5+ gxf5) 60. Rd3 Rh2+ 61. Kd1 f5 62. gxf5+ gxf5 63. Rd2 (63. Nc7+ $1 $15 Kd7 64. Nd5) 63... Rh1+ 64. Ke2 f4 65. Rd3 Kf7 66. Rb3 Rh2+ 67. Ke1 {[%emt 0:02:07] [#] This costs White the game.} (67. Kd3 $17 {was forced.}) 67... Kg6 $1 $19 68. Ne7+ Kf6 69. Nf5 d5 $1 {[%emt 0:00:39] Threatens to win with ...Rc2.} 70. Rb5 $2 (70. Kd1) 70... Rc2 71. Kd1 Rc4 72. Nh6 dxe4 73. fxe4 f3 {[%emt 0:00:40] ...Kg5 would be deadly.} 74. Ng4+ Ke6 {[%emt 0:00:31] Hoping for ...Rd4+.} 75. Rxc5 (75. Nh2 $142 f2 76. Nf1) 75... Rxc5 {[%emt 0:00:06] KR-KN} 76. Kd2 Kd6 77. Ke3 Rc3+ 78. Kf2 Rb3 79. Ne3 Kc5 80. Nf5 Kc4 81. Kg3 Rd3 82. Kf2 Rd8 83. Kxf3 Kd3 {[%emt 0:00:05] Weighted Error Value: White=0.12 (very precise) /Black=0.10 (very precise)} 0-1

[Event "84th Armenian-HL-ch 2024"]
[Site "Yerevan"]
[Date "2024.01.17"]
[Round "6.1"]
[White "Tiraturyan, David"]
[Black "Davtyan, Artur"]
[Result "1/2-1/2"]
[ECO "B31"]
[WhiteElo "2258"]
[BlackElo "2477"]
[Annotator "TA"]
[PlyCount "56"]
[EventDate "2024.01.11"]
[EventType "tourn"]
[EventCountry "ARM"]
[SourceTitle "playchess.com"]
[Source "ChessBase"]
[SourceQuality "1"]
[TimeControl "40/5400+30:1800+30"]

1. e4 c5 2. Nf3 Nc6 3. Bb5 g6 4. Bxc6 dxc6 5. d3 Bg7 6. h3 e5 7. a4 {[%emt 0:00:06] B31: Sicilian: 2...Nc6 3 Bb5 g6.} Qe7 8. Na3 Nf6 9. Be3 {[%emt 0:00:47] The position is equal.} Nd7 {[%emt 0:03:14] [#]} 10. Qc1 $146 ({Predecessor:} 10. Qd2 f6 11. Nh2 Nf8 12. O-O Ne6 13. f4 exf4 14. Bxf4 Nxf4 15. Qxf4 O-O 16. Nc4 {1-0 Ozsakallioglu,O (2330)-Kavri,Y (1965) Istanbul op 2022 (3)}) 10... f6 11. Bh6 Nf8 12. Bxg7 Qxg7 13. Nc4 Qe7 14. Ng1 Be6 15. b3 Nd7 16. Qb2 b6 17. Ne2 O-O 18. O-O Bxc4 19. bxc4 a5 20. f4 exf4 21. Rxf4 Rae8 22. Raf1 Qd6 23. Kh1 (23. Qc1 {with more complications.} Kf7 24. R4f2 Ke7 25. Qf4) 23... Re5 (23... f5 $5 ) 24. Ng1 Re7 25. R4f2 Rff7 26. Nf3 {[%emt 0:01:20] White is slightly better.} Qg3 27. Nh2 {[%emt 0:03:00] Ng4 would be deadly.} h5 {[%emt 0:00:11][%cal Of6f5] Repels Ng4} 28. Rf3 Qd6 {[%emt 0:02:19] Weighted Error Value: White=0.06 (flawless) /Black=0.07 (flawless)} 1/2-1/2

[Event "84th Armenian-HL-ch 2024"]
[Site "Yerevan"]
[Date "2024.01.17"]
[Round "6.2"]
[White "Gharibyan, Mamikon"]
[Black "Andriasian, Zaven"]
[Result "1/2-1/2"]
[ECO "D00"]
[WhiteElo "2504"]
[BlackElo "2581"]
[Annotator "TA"]
[PlyCount "34"]
[EventDate "2024.01.11"]
[EventType "tourn"]
[EventCountry "ARM"]
[SourceTitle "playchess.com"]
[Source "ChessBase"]
[SourceQuality "1"]
[TimeControl "40/5400+30:1800+30"]

1. d4 d5 2. Bf4 Nf6 3. e3 g6 4. Be2 Bg7 5. h3 c5 6. c3 {[%emt 0:00:30] D00: 1 d4 d5: Unusual lines.} Qb6 7. Qb3 c4 8. Qa3 Bf8 {[%emt 0:00:30][%cal Oe7e5] [#] aiming for ...e5!} 9. Qa4+ Nc6 10. Qc2 Bf5 11. Qc1 Bg7 12. Nf3 O-O 13. Nbd2 Qd8 {[%emt 0:00:30] [#]} 14. b3 $146 ({Predecessor:} 14. O-O b5 15. Ne5 Qc8 16. Bf3 Rd8 17. Re1 h5 18. a4 a6 19. Nxc6 Qxc6 20. Be5 Rac8 21. axb5 axb5 22. Bxf6 Qxf6 {½-½ Carlsen,M (2839)-Vidit,S (2716) Chess.com Speed Chess blitz 2023 (1.16)}) 14... b5 15. a4 a6 16. O-O Qd7 17. Qb2 Ne4 {[%emt 0:00:00] An uneventful encounter.   Weighted Error Value: White=0.05 (flawless) /Black=0.06 (flawless)} 1/2-1/2

[Event "84th Armenian-HL-ch 2024"]
[Site "Yerevan"]
[Date "2024.01.17"]
[Round "6.3"]
[White "Petrosyan, Manuel"]
[Black "Hovhannisyan, Robert"]
[Result "1/2-1/2"]
[ECO "A13"]
[WhiteElo "2627"]
[BlackElo "2611"]
[Annotator "TA"]
[PlyCount "85"]
[EventDate "2024.01.11"]
[EventType "tourn"]
[EventCountry "ARM"]
[SourceTitle "playchess.com"]
[Source "ChessBase"]
[SourceQuality "1"]
[TimeControl "40/5400+30:1800+30"]

1. Nf3 d5 2. e3 Nf6 3. c4 e6 4. Nc3 Be7 5. b3 O-O 6. Bb2 c5 7. cxd5 exd5 8. d4 {[%emt 0:01:36] A13: English Opening: 1...e6.} Nc6 9. Be2 Ne4 {[%emt 0:00:55] Nowadays more popular than 9...Bg4.} 10. dxc5 {[%emt 0:15:14] White has an edge.} Qa5 11. Rc1 Bf6 12. Nd4 $1 Nxc5 13. Nxc6 bxc6 14. O-O Ne4 15. Qc2 Nxc3 16. Bxc3 Bxc3 17. Qxc3 Qxa2 18. Bf3 {[%emt 0:04:37] [#] Threatens to win with Ra1.} (18. Rc2 $5 Qa3 19. Ra1 $14 (19. Qxc6 Qxb3 20. Rc3 Bb7 $11)) 18... Rb8 $146 ({Predecessor:} 18... Qa6 19. Qxc6 Qxc6 20. Rxc6 Be6 21. Rd1 Rab8 22. Rc7 Rxb3 23. Rxa7 Rfb8 24. Raa1 R3b5 {½-½ Nakamura,H (2768)-So,W (2761) American Cup Champ 2023 (5.1)}) 19. Qxc6 Be6 20. Ra1 Qxb3 21. Rxa7 Qc4 22. Rc7 Rfc8 23. Rxc8+ Rxc8 24. Qd6 Qc7 25. Qa3 Qc3 26. Qa7 Qc5 27. Qa1 Qc3 28. Qa4 Qc4 29. Qa1 Qc3 30. Qa7 Qc5 31. Qa4 Qc4 32. Qd1 g6 33. h3 Rd8 34. Qb1 Qc3 35. Rd1 Kg7 36. Qb5 Ra8 37. Qb1 Ra4 38. Qb8 (38. Bxd5 $2 {is the wrong capture.} Bxd5 39. Qd3 (39. Rxd5 $2 Ra1 $19) 39... Qxd3 40. Rxd3 Be6 $19) 38... Qf6 (38... Ra1 $11 {remains equal.} 39. Rxa1 Qxa1+ 40. Kh2 Qf6) 39. Qd6 ({Don't play} 39. Bxd5 $6 Bxd5 40. Rxd5 Ra1+ 41. Kh2 Qxf2 $11) (39. Qb3 $16 Rc4 40. Bxd5 Bxd5 41. Rxd5 Rc1+ 42. Rd1) 39... Ra1 {[%emt 0:00:00] [#] Strongly threatening ...Rxd1+. The position is equal.} 40. Rxa1 Qxa1+ 41. Kh2 {[%emt 0:00:15] Active counter play!} Qf6 42. Kg1 Qa1+ 43. Kh2 {[%emt 0:00:10] Weighted Error Value: White=0.05 (flawless) /Black=0.05 (flawless)} 1/2-1/2

[Event "84th Armenian-HL-ch 2024"]
[Site "Yerevan"]
[Date "2024.01.17"]
[Round "6.4"]
[White "Ter-Sahakyan, Samvel"]
[Black "Piliposyan, Robert"]
[Result "1/2-1/2"]
[ECO "C82"]
[WhiteElo "2649"]
[BlackElo "2367"]
[Annotator "TA"]
[PlyCount "51"]
[EventDate "2024.01.11"]
[EventType "tourn"]
[EventCountry "ARM"]
[SourceTitle "playchess.com"]
[Source "ChessBase"]
[SourceQuality "1"]
[TimeControl "40/5400+30:1800+30"]

1. e4 e5 2. Nf3 Nc6 3. Bb5 a6 4. Ba4 Nf6 5. O-O Nxe4 6. d4 b5 7. Bb3 d5 8. dxe5 Be6 9. c3 Bc5 10. Nbd2 O-O 11. Bc2 Nxf2 12. Rxf2 f6 13. Nf1 {[%emt 0:00:13] [#] Strongly threatening Be3. C82: Open Ruy Lopez: 9 c3 without 9...Be7.} Bxf2+ 14. Kxf2 fxe5 15. Kg1 Qd6 16. Be3 Bf5 17. Bb3 {[%emt 0:13:49][%mdl 1024] White has compensation. A strong pair of Bishops.} Rad8 {[%emt 0:03:16] [#]} 18. a4 $146 ({Predecessor:} 18. Qe1 Na5 19. Qf2 Nb7 20. Re1 Kh8 21. Qg3 Rde8 22. Bf2 Be4 23. N1d2 Bxf3 24. Nxf3 {1-0 Carlsen,M (2859)-Le,Q (2728) Meltwater Tour Final rapid 2022 (5.7)}) 18... Bg4 {[%emt 0:25:49] Hoping for ...e4.} (18... Kh8 $5 ) 19. axb5 {[%emt 0:08:06] The position is equal.} axb5 {[%emt 0:03:31] And now ...e4 would win.} 20. N1d2 e4 21. Nxe4 Qe6 {[%emt 0:00:23][%mdl 64] [#] Pin} 22. Nfg5 Bxd1 23. Nxe6 Bxb3 24. Nxd8 Rxd8 25. Nc5 Bc2 26. Bf4 {[%emt 0:11:52] Not much happened in this game.   Weighted Error Value: White=0.05 (flawless) /Black=0.06 (flawless)} 1/2-1/2

[Event "84th Armenian-HL-ch 2024"]
[Site "Yerevan"]
[Date "2024.01.17"]
[Round "6.5"]
[White "Chaqryan, Erik"]
[Black "Harutyunyan, Tigran K."]
[Result "1/2-1/2"]
[ECO "E15"]
[WhiteElo "2308"]
[BlackElo "2523"]
[Annotator "TA"]
[PlyCount "104"]
[EventDate "2024.01.11"]
[EventType "tourn"]
[EventCountry "ARM"]
[SourceTitle "playchess.com"]
[Source "ChessBase"]
[SourceQuality "1"]
[TimeControl "40/5400+30:1800+30"]

1. d4 Nf6 2. c4 e6 3. Nf3 b6 4. g3 Ba6 5. Nbd2 c5 6. Bg2 Bb7 7. O-O $1 {[%emt 0:06:54][%mdl 4] outshines the older 7.e4.} cxd4 8. Nb3 {[%emt 0:00:16] E15: Queen's Indian: 4 g3 sidelines, 4 g3 Ba6 and 4 g3 Bb7 early deviations.} Nc6 9. Nfxd4 Be7 10. Nb5 {[%emt 0:04:37] White has an edge.} O-O 11. Bf4 Ne8 (11... d5 $5 ) 12. Nd6 Nxd6 13. Bxd6 Rc8 {[%emt 0:01:52] [#]} 14. Rc1 $146 ({Predecessor:} 14. Qd2 Bxd6 15. Qxd6 Na5 16. Nxa5 Bxg2 17. Kxg2 bxa5 18. b3 Qc7 19. Qxc7 Rxc7 20. Rfd1 {0-1 Ferriere,P (1683)-Durand,S (1856) Paris-ch op-B 2009 (4)}) 14... Ba6 15. Qd2 Bxd6 16. Qxd6 Qe7 17. Rfd1 {[%emt 0:13:22] aiming for Qxe7.} Rfd8 18. f4 Qxd6 19. Rxd6 Kf8 20. Kf2 Ke7 21. Rdd1 d6 22. Bf1 Rc7 23. e3 Nb8 24. Rd2 f5 25. Rdc2 Rdc8 26. Nd4 g6 27. a4 e5 28. Nb5 Bxb5 29. axb5 Nd7 30. b3 Nf6 31. fxe5 dxe5 32. Be2 Ne4+ 33. Ke1 Nd6 34. Kd2 h5 35. b4 g5 36. Kd1 Rb8 37. Rb2 h4 38. gxh4 gxh4 {[%emt 0:00:16] ...Rg8 would be deadly.} (38... Rh8 $5 ) 39. c5 Nb7 (39... Ne4 $11) 40. Rbc2 $16 Rbc8 41. c6 Nd6 42. Ra2 Rg8 $1 43. Rca1 Rg1+ {[%emt 0:03:03] The position is equal.} 44. Kc2 Rg2 45. Kb3 Rxh2 {[%emt 0:03:52] Hoping for ...Kf6.} 46. Rxa7 Rxa7 47. Rxa7+ $11 {[%emt 0:00:04][%mdl 4096] Endgame KRB-KRN} Ke6 48. Bc4+ Nxc4 49. Kxc4 f4 50. exf4 exf4 51. Rh7 Rh1 52. Kd3 h3 {[%emt 0:01:32] Weighted Error Value: White=0.06 (flawless) /Black=0.05 (flawless)} 1/2-1/2

[Event "84th Armenian-HL-ch 2024"]
[Site "Yerevan"]
[Date "2024.01.18"]
[Round "7.1"]
[White "Davtyan, Artur"]
[Black "Chaqryan, Erik"]
[Result "1-0"]
[ECO "B12"]
[WhiteElo "2477"]
[BlackElo "2308"]
[Annotator "TA"]
[PlyCount "83"]
[EventDate "2024.01.11"]
[EventType "tourn"]
[EventCountry "ARM"]
[SourceTitle "playchess.com"]
[Source "ChessBase"]
[SourceQuality "1"]
[TimeControl "40/5400+30:1800+30"]

1. e4 c6 2. d4 d5 3. e5 Bf5 4. Be2 e6 5. Nf3 Nd7 6. O-O a6 {[%emt 0:03:05] 6...a5 is a critical line.} 7. Nbd2 {[%emt 0:09:51][%cal Bb1d2,Bd2f1,Bf1e3][%mdl 32] B12: Caro-Kann: Advance Variation.} h6 8. Re1 Ne7 9. Nf1 {[%emt 0:00:50] [#] White has an edge.} g5 $146 ({Predecessor:} 9... c5 10. c4 dxc4 11. Ne3 Be4 12. Nd2 Bc6 13. Ndxc4 Nd5 14. Bf3 N5b6 15. d5 exd5 16. e6 Nf6 17. Ne5 fxe6 18. Bh5+ Ke7 19. Nf5+ exf5 20. Nxc6+ {1-0 Dubov,D (2702)-Shimanov,A (2581) Titled Tuesday intern op 05th Jul Early blitz 2022 (10)}) 10. Ne3 Bg6 11. h4 Nf5 $1 12. hxg5 hxg5 13. Nxf5 Bxf5 14. Bxg5 Be7 15. Bxe7 (15. Bf4 $11) 15... Qxe7 $15 16. Qd2 f6 {[%emt 0:13:36] aiming for ...fxe5.} 17. exf6 (17. Bd3 $1 $15 Qh7 18. Kf1) 17... Qh7 (17... Nxf6 $17 {Hoping for ...Qh7.} 18. Bd3 Ne4) 18. f7+ Ke7 (18... Kxf7 $2 19. Ng5+ Kg8 20. Nxh7 $18) (18... Qxf7 $15 19. Ng5 Qg6) 19. Kf1 $1 $11 Qh1+ (19... Kxf7 $2 20. Ng5+ Kg8 21. Nxh7 $18) 20. Ng1 {[%emt 0:00:09] Qb4+ would be deadly.} Kxf7 {[%emt 0:00:04] [#]} 21. Bf3 $1 {[%emt 0:25:06] Threatens to win with g4.} Qh4 {[%emt 0:07:36] Wards off g4} 22. g3 Qf6 23. Re2 Rae8 24. Rae1 e5 25. dxe5 Nxe5 {[%emt 0:00:04] [#]} (25... Bh3+ $2 26. Nxh3 Rxe5 27. Nf4 Rxe2 28. Qxe2 $18) 26. Qd4 (26. Qc3 $142 $1 Ng4 27. Rxe8 (27. Bxd5+ $2 cxd5 28. Qxf6+ Nxf6 $19) 27... Rxe8 28. Bxg4 Rxe1+ 29. Qxe1 Bxg4 30. Qb4) 26... Nxf3 {[%emt 0:01:06] This costs Black the game.} (26... Ng4 $16 {was worth a try.} 27. Qxf6+ (27. Bxd5+ $2 cxd5 28. Qxf6+ Nxf6 $19) 27... Nxf6) 27. Qxf6+ $18 {[%emt 0:00:02][%mdl 64] Deflection} Kxf6 28. Rxe8 Nd2+ 29. Kg2 Rxe8 30. Rxe8 {[%emt 0:00:01][%mdl 4096] Endgame KRN-KBN} Nc4 31. b3 Na3 (31... Nd6 {might work better.}) 32. Rb8 Nxc2 33. Rxb7 d4 34. Ne2 d3 35. Nc3 Ke5 $2 (35... Ne1+ {keeps fighting.} 36. Kh1 d2) 36. f3 Kd4 37. Nb1 Na3 38. g4 Be6 39. Nd2 ({Inferior is} 39. Nxa3 d2 40. Re7 d1=Q 41. Rxe6 Qd2+ 42. Kg3 Qxa2 43. Re4+ Kd5 $11) 39... Bd5 (39... Kc3 $142) 40. Kf2 {[%emt 0:00:00] White is clearly winning.} Nc2 41. Nb1 a5 42. g5 {[%emt 0:01:16] Weighted Error Value: White=0.37/Black=0.51} 1-0

[Event "84th Armenian-HL-ch 2024"]
[Site "Yerevan"]
[Date "2024.01.18"]
[Round "7.2"]
[White "Harutyunyan, Tigran K."]
[Black "Gharibyan, Mamikon"]
[Result "1/2-1/2"]
[ECO "D02"]
[WhiteElo "2523"]
[BlackElo "2504"]
[Annotator "TA"]
[PlyCount "120"]
[EventDate "2024.01.11"]
[EventType "tourn"]
[EventCountry "ARM"]
[SourceTitle "playchess.com"]
[Source "ChessBase"]
[SourceQuality "1"]
[TimeControl "40/5400+30:1800+30"]

1. d4 Nf6 2. Nf3 d5 3. Bf4 Bf5 4. c4 Nbd7 5. e3 e6 6. Nc3 {[%emt 0:01:34] D02: 1 d4 d5 2 Nf3 sidelines, including 2...Nf6 3 g3 and 2...Nf6 3 Bf4.} Bb4 7. Be2 dxc4 8. Bxc4 Nd5 {[%emt 0:00:52] [#]} 9. Qb3 $146 (9. Bxd5 {simplifies} Bxc3+ 10. bxc3 exd5 11. O-O) ({Predecessor:} 9. Bxd5 exd5 10. Qb3 Bxc3+ 11. bxc3 Nb6 12. O-O O-O 13. Nd2 Bd3 14. Rfe1 Qc8 15. Bg3 {½-½ Abasov,N (2664)-Gozzoli,Y (2600) EU-Cup Online Gr-E rapid 2021 (2.3)}) 9... Bxc3+ 10. bxc3 Nxf4 11. exf4 Nb6 12. Be2 Qd5 13. Rc1 O-O 14. g3 Be4 15. O-O Bxf3 (15... Qxb3 {simplifies} 16. axb3 Rfd8 17. Rfe1 g6) 16. c4 $1 Qxd4 17. Bxf3 Qc5 18. Qb5 Qa3 19. Bxb7 Rab8 20. Qc6 Qxa2 21. c5 (21. f5 $5) 21... Nd5 22. Ra1 Qb2 23. Rxa7 Rfd8 24. Qa6 Nc3 25. Bf3 Qb5 26. Qc6 Qxc6 27. Bxc6 Kf8 28. Kg2 Rbc8 29. Rc1 Ne2 30. Rb1 Nd4 31. Ba4 Rd5 32. Rb4 h5 33. h3 Ke7 34. g4 g6 35. Rc4 h4 36. f3 {[%emt 0:01:11] [#]} (36. g5 $11 {keeps the balance.}) 36... Ne2 ({Black should play} 36... e5 $1 $17 37. fxe5 Ne6) 37. Kf2 $11 {[%emt 0:00:01] The position is equal.} Rd2 {[%emt 0:00:45] aiming for ...Ng3+.} 38. Ke3 $1 Ra2 {[%emt 0:00:29] Threatens to win with ...Ng1.} 39. Rc2 Rxc2 40. Bxc2 {[%emt 0:00:00][%mdl 4096] Endgame KRB-KRN} Nc3 {[%emt 0:00:00] ...Nd5+ is the strong threat.} 41. f5 gxf5 42. gxf5 Nd5+ 43. Ke4 Rb8 44. fxe6 fxe6 45. Ba4 Rb4+ 46. Kd3 Rf4 47. Bc6 ({Much weaker is} 47. Bd1 Kf6 48. Ke2 Rc4 $17) 47... Rxf3+ 48. Ke2 Re3+ 49. Kf2 {[%emt 0:01:42] Bxd5 would be deadly.} Rxh3 50. Bxd5 {[%emt 0:00:06][%mdl 64] [#] Remove Defender} exd5 51. Rxc7+ {[%emt 0:00:05] KR-KR} Ke6 52. Rh7 d4 {[%emt 0:01:43] Strongly threatening ...Kd5.} 53. c6 Rc3 54. Rxh4 Kd5 55. Ke2 Rxc6 56. Kd3 Rc3+ 57. Kd2 Rg3 58. Rh8 Rg2+ 59. Kd3 Rg3+ 60. Kd2 Rg2+ {[%emt 0:00:02] Weighted Error Value: White=0.08 (flawless) /Black=0.05 (flawless)} 1/2-1/2

[Event "84th Armenian-HL-ch 2024"]
[Site "Yerevan"]
[Date "2024.01.18"]
[Round "7.3"]
[White "Hovhannisyan, Robert"]
[Black "Ter-Sahakyan, Samvel"]
[Result "1-0"]
[ECO "B92"]
[WhiteElo "2611"]
[BlackElo "2649"]
[Annotator "TA"]
[PlyCount "125"]
[EventDate "2024.01.11"]
[EventType "tourn"]
[EventCountry "ARM"]
[SourceTitle "playchess.com"]
[Source "ChessBase"]
[SourceQuality "1"]
[TimeControl "40/5400+30:1800+30"]

1. e4 c5 2. Nf3 d6 3. d4 cxd4 4. Nxd4 Nf6 5. Nc3 a6 6. Be2 e5 7. Nb3 Be7 8. Be3 Be6 9. f4 exf4 10. Bxf4 Nc6 11. Qd2 d5 12. exd5 {[%emt 0:00:21] B92: Sicilian Najdorf: 6 Be2.} Nxd5 13. Nxd5 Qxd5 14. O-O-O {[%emt 0:00:25] The position is equal.} Qxg2 15. Rhg1 Qe4 16. Rxg7 Rd8 17. Qe3 Rxd1+ (17... Qxe3+ {simplifies} 18. Bxe3 Rxd1+ 19. Bxd1 h5) 18. Bxd1 Qxe3+ 19. Bxe3 h5 20. Rg1 Bg4 {[%emt 0:14:16] [#] Prevents Bf3.} 21. Nc5 $146 ({Predecessor:} 21. c3 Bd6 22. Rg2 Kd7 23. Nc5+ Bxc5 24. Bxc5 Bxd1 25. Kxd1 Ke6 26. Ke2 Rd8 27. Bb6 {½-½ Tkachenko,Y (2331)-Morozov,D (2475) Webchess op7 sf02 email 2019}) 21... Nd8 22. c4 Bxd1 23. Kxd1 Bxc5 24. Bxc5 $11 {[%emt 0:00:05][%mdl 4096] Endgame KRB-KRN} Ne6 25. Bb4 Rh6 26. Ke2 Rg6 27. Rxg6 fxg6 {[%emt 0:00:46][%cal Bf7g6,Bg6g5,Bg5g4][%mdl 32] KB-KN} 28. Ke3 g5 29. Ke4 {[%emt 0:05:46] White wants to play Bc3.} g4 $1 30. Bd2 Kf7 31. Ke5 h4 32. Be3 Ng7 $2 ({Better is} 32... g3 $11 33. hxg3 hxg3) 33. Bf2 $1 $16 g3 34. hxg3 hxg3 35. Bxg3 Ke7 36. Bf2 Kd7 37. Kd5 Ne8 38. Bg1 Nd6 39. a4 Nc8 40. a5 {[%emt 0:00:00] b4 is the strong threat.} Ne7+ 41. Kc5 Nc6 42. b4 Ne5 43. Bh2 Nd3+ 44. Kb6 Kc8 45. Bd6 Nb2 46. Kc5 {[%emt 0:03:24] Threatens to win with Kd4.} Kd7 47. Bf8 Nd3+ 48. Kd4 Nf4 {[%emt 0:00:09] aiming for ...Ne6+.} 49. Bh6 Ne6+ (49... Ng6 $16 50. b5 Kd6) 50. Kd5 $1 $18 Ke7 51. Bd2 Kd7 52. Be3 Ke7 53. Bc5+ Kd7 54. Bd6 Ng7 55. Bh2 {[%emt 0:01:24] And now Kc5 would win.} Ne6 56. Be5 Nd8 (56... Ng5 $142 57. b5 axb5 58. cxb5 Ne6) 57. Kc5 Nc6 58. Bc3 $2 (58. Bg3 $18 Kc8 59. Bf4) 58... Ne7 $2 {[%emt 0:00:16] This costs Black the game.} (58... Kc8 $16 59. Bf6 Kd7) 59. Kb6 Kc8 {[%emt 0:00:03] [#]} 60. Be5 Nc6 {[%emt 0:00:23] [#]} (60... Nf5 $142 61. Bf4 Ne7) 61. Bd6 $1 {[%emt 0:00:06] b5 would kill now.} Kd7 62. b5 (62. c5 $142 Nxb4 63. Kxb7 Nd3 64. Bf8 Ne5 65. Bh6 Ke7 66. c6 Nf7 67. Kxa6 Nxh6 68. c7) 62... axb5 63. cxb5 {[%emt 0:00:05] Weighted Error Value: White=0.21 (precise) /Black=0.42} 1-0